AoeStats
← ITZ | AutocavS

Fortress

509368224Analyzed
2v2 RM · 7d ago on Sep 26, 2026· 50m 48s· 4 players
Game mode
Random Map
Map size
Normal (6 player)
Population
200
Speed
Normal
Resources
Standard
Victory
Conquest
Starting age
Dark Age
Ending age
Imperial Age
RankedLock teamsTeams togetherTeam positionsShared explorationLock speedFull tech treeHidden civsTurbo modeCheats
Victory
Defeat
🇩🇪 Byzantines · Germany
1339
+19
🇩🇪 Berbers · Germany
1339
+19
🇦🇷 Magyars · Argentina
1423
-20
🇫🇷 Mongols · France
1377
-18
FLEJEUNE
6:40 Feudal Age
10:29 Castle Age
8:32 Double-Bit Axe
8:57 Horse Collar
17:35 Heavy Plow
19:24 Bow Saw
19:29 Gold Mining
23:16 Fletching
23:29 Husbandry
23:40 Bloodlines
26:48 Imperial Age
25:45 Wheelbarrow
24:56 Loom
24:58 Town Watch
25:51 Bodkin Arrow
26:17 Ballistics
26:03 Scale Barding Armor
26:10 Masonry
26:11 Fortified Wall
27:21 Hand Cart
27:07 Town Patrol
27:19 Forging
28:18 Chain Barding Armor
29:04 Iron Casting
28:35 Heavy Camel Rider
31:30 Blast Furnace
31:31 Chemistry
31:05 Conscription
30:48 Nomads
32:40 Bracer
33:29 Drill
35:55 Onager
36:27 Heavy Scorpion
38:03 Siege Engineers
40:19 Caravan
40:50 Coinage
42:03 Elite Steppe Lancer
45:46 Padded Archer Armor
ITZ | AutocavS
7:53 Feudal Age
6:12 Loom
8:45 Double-Bit Axe
11:44 Castle Age
9:39 Horse Collar
10:23 Gold Mining
12:57 Bow Saw
13:51 Elite Skirmisher
15:03 Fletching
18:12 Bodkin Arrow
18:20 Padded Archer Armor
24:11 Imperial Age
22:31 Gold Shaft Mining
22:18 Scale Barding Armor
24:02 Wheelbarrow
23:12 Town Watch
23:21 Stone Mining
23:49 Corvinian Army
25:08 Hand Cart
25:17 Bracer
26:28 Thumb Ring
27:01 Ballistics
27:47 Conscription
27:53 Conscription
28:20 Elite Magyar Huszar
30:46 Leather Archer Armor
30:51 Chain Barding Armor
32:27 Chemistry
34:51 Two-Man Saw
34:28 Plate Barding Armor
35:23 Bloodlines
35:17 Husbandry
34:38 Cavalier
36:38 Ring Archer Armor
38:17 Heavy Plow
38:32 Paladin
41:38 Caravan
46:05 Light Cavalry
46:54 Hussar
Aquarius XII
6:01 Loom
7:47 Feudal Age
10:44 Double-Bit Axe
10:59 Horse Collar
13:12 Wheelbarrow
14:37 Castle Age
16:07 Gold Mining
16:31 Padded Archer Armor
17:07 Fletching
18:57 Wheelbarrow
23:54 Imperial Age
22:19 Elite Skirmisher
23:25 Ballistics
22:48 Treadmill Crane
24:08 Bow Saw
25:06 Thumb Ring
26:24 Bodkin Arrow
26:27 Pikeman
27:55 Conscription
29:02 Ballistics
31:23 Chemistry
31:28 Halberdier
32:55 Hand Cart
33:54 Scale Mail Armor
34:39 Bracer
34:40 Elite Varangian Guard
35:32 Forging
36:57 Chain Mail Armor
38:49 Fortified Wall
40:07 Plate Mail Armor
39:52 Leather Archer Armor
40:50 Squires
41:17 Arson
43:24 Hoardings
43:13 Scale Barding Armor
43:07 Onager
44:39 Light Cavalry
45:47 Chain Barding Armor
46:02 Iron Casting
45:44 Husbandry
47:03 Gold Shaft Mining
46:19 Stone Mining
46:19 Capped Ram
50:26 Hussar
51:42 Plate Barding Armor
51:43 Iron Casting
WTGG | Blackbriar
7:26 Feudal Age
8:39 Double-Bit Axe
11:30 Castle Age
10:22 Horse Collar
11:06 Loom
17:21 Fletching
18:38 Heavy Plow
20:34 Bow Saw
20:53 Bodkin Arrow
23:32 Wheelbarrow
24:29 Hand Cart
27:50 Imperial Age
28:55 Ballistics
29:36 Chemistry
28:50 Town Watch
29:09 Padded Archer Armor
29:09 Bracer
30:17 Crop Rotation
33:32 Town Patrol
33:55 Conscription
33:00 Elite Camel Archer
35:55 Maghrebi Camels
36:09 Kasbah
37:07 Light Cavalry
37:58 Bloodlines
37:49 Husbandry
38:14 Gold Mining
38:14 Stone Mining
38:39 Siege Engineers
38:45 Masonry
38:21 Hussar
40:19 Scale Mail Armor
40:29 Forging
40:25 Scale Barding Armor
40:37 Leather Archer Armor
42:41 Iron Casting
42:46 Heavy Camel Rider
45:17 Hoardings
45:17 Ring Archer Armor
45:08 Chain Barding Armor
45:49 Blast Furnace
45:10 Fortified Wall
44:41 Treadmill Crane
44:57 Murder Holes
Connection lost

Rejoining the realm…

Still unreachable

The connection could not be restored.

Session expired

The server has moved on; the page needs a fresh start.